 Dungeon Crawl Stone Soup version 0.21-a0-352-g5b8f553 (webtiles) character file.

3280 tidbits the Thaumaturge (level 10, 73/73 HPs)
             Began as a Gnoll Wizard on Oct 10, 2017.
             Was a High Priest of Cheibriados.
             Quit the game on level 11 of the Dungeon.
             The game lasted 00:33:34 (2762 turns).

tidbits the Thaumaturge (Gnoll Wizard)              Turns: 2762, Time: 00:33:36

Health: 73/73      AC:  8    Str: 25    XL:     10   Next: 0%
Magic:  22/22      EV: 17    Int: 35    God:    Cheibriados [*****.]
Gold:   330        SH:  0    Dex: 27    Spells: 15/26 levels left

rFire    . . .     SeeInvis .   I - +1 hunting sling of Amortisation {flame, Str+4} (curse)
rCold    + . .     Gourm    +   (no shield)
rNeg     . . .     Faith    .   B - +1 ring mail {rC+}
rPois    .         Spirit   .   E - +0 hat
rElec    .         Reflect  .   (no cloak)
rCorr    .         Harm     .   (no gloves)
MR       .....                  F - +0 pair of boots
Stlth    +++.......             z - amulet of the gourmand
HPRegen  0.22/turn              h - +3 ring of dexterity
MPRegen  0.18/turn              x - ring of wizardry

@: very slow
A: distributed training, fangs 1, strong nose
a: Bend Time, Temporal Distortion, Slouch, Step From Time, Renounce Religion


You were on level 11 of the Dungeon.
You worshipped Cheibriados.
Cheibriados was extremely pleased with you.
You were not hungry.

You visited 1 branch of the dungeon, and saw 11 of its levels.

You collected 330 gold pieces.

Inventory:

Hand Weapons
 a - a +1 whip of draining
   (You took it off a kobold on level 2 of the Dungeon)
 e - a +0 quarterstaff
 g - a +0 hunting sling
 j - a +0 dagger
 s - a +0 morningstar
 D - a +2 mace of protection
   (You took it off an orc warrior on level 11 of the Dungeon)
 H - a cursed +0 scimitar
 I - the cursed +1 hunting sling of Amortisation (weapon) {flame, Str+4}
   (You found it on level 11 of the Dungeon)

   It causes projectiles fired from it to burn those they strike, causing extra
   injury to most foes and up to half again as much damage against particularly
   susceptible opponents.
   It affects your strength (+4).
   It has a curse placed upon it.
Missiles
 n - 115 arrows
Armour
 q - a +0 robe
 B - a +1 ring mail of cold resistance (worn)
   (You found it on level 5 of the Dungeon)
 E - a +0 hat (worn)
 F - a +0 pair of boots (worn)
Magical Staves
 b - an uncursed staff of fire
   (You found it on level 3 of the Dungeon)
Jewellery
 h - a +3 ring of dexterity (left hand)
   (You found it on level 1 of the Dungeon)
 x - a ring of wizardry (right hand)
   (You found it on level 5 of the Dungeon)
 y - an uncursed ring of teleportation
   (You found it on level 6 of the Dungeon)
 z - an amulet of the gourmand (around neck)
   (You took it off an orc wizard on level 6 of the Dungeon)
Wands
 p - a wand of paralysis (0/24)
 t - a wand of flame (11/48)
Scrolls
 f - 2 scrolls of fog
 i - a scroll of magic mapping
 o - a scroll of fear
 r - a scroll of blinking
 u - 2 scrolls of amnesia
 v - a scroll of enchant armour {unknown}
 G - a scroll of recharging {unknown}
Potions
 k - a potion of flight
 w - a potion of heal wounds
 A - 2 potions of agility
 C - a potion of brilliance
Books
 c - a book of Minor Magic

   Spells                             Type                      Level
   a - Magic Dart                     Conjuration                  1
   b - Blink                          Translocation                2
   c - Call Imp                       Summoning                    2
   d - Slow                           Hexes                        2
   e - Conjure Flame                  Conjuration/Fire             3
   f - Mephitic Cloud                 Conjuration/Poison/Air       3
Comestibles
 d - 3 bread rations
 l - 3 fruits
 m - 2 meat rations


   Skills:
 + Level 4.7 Fighting
 + Level 4.7 Short Blades
 + Level 4.7 Long Blades
 + Level 4.7 Axes
 + Level 4.7 Maces & Flails
 + Level 4.7 Polearms
 + Level 4.7 Staves
 + Level 4.7 Slings
 + Level 4.7 Bows
 + Level 4.7 Crossbows
 + Level 4.7 Throwing
 + Level 4.7 Armour
 + Level 6.6 Dodging
 + Level 6.3 Stealth
 + Level 4.7 Shields
 + Level 4.7 Unarmed Combat
 + Level 8.6 Spellcasting
 + Level 5.4 Conjurations
 + Level 4.7 Hexes
 + Level 4.7 Charms
 + Level 5.4 Summonings
 + Level 4.7 Necromancy
 + Level 5.4 Translocations
 + Level 4.7 Transmutations
 + Level 4.7 Fire Magic
 + Level 4.7 Ice Magic
 + Level 4.7 Air Magic
 + Level 4.7 Earth Magic
 + Level 4.7 Poison Magic
 + Level 4.7 Invocations
 + Level 4.7 Evocations


You had 15 spell levels left.
You knew the following spells:

 Your Spells              Type           Power        Failure   Level  Hunger
a - Magic Dart            Conj           ####         1%          1    None
b - Blink                 Tloc           N/A          1%          2    None
c - Conjure Flame         Conj/Fire      ######..     1%          3    None
i - Call Imp              Summ           ######..     1%          2    None
m - Mephitic Cloud        Conj/Pois/Air  #####...     1%          3    None


Dungeon Overview and Level Annotations

Branches:
Dungeon (11/15)              Lair (0/6) D:8
 Temple: D:4-7          Orc: D:9-12

Altars:
Ashenzari
Cheibriados
Hepliaklqana
Makhleb
Yredelemnul
Zin

Annotations:
D:5 Grinder


Innate Abilities, Weirdness & Mutations

Your experience applies equally to all skills.
You have very sharp teeth.
Your uncanny sense of smell can sniff out nearby items.


Message History

The ball explodes into a vile cloud!
The stinking cloud engulfs the orc warrior.
The orc warrior is engulfed in noxious fumes.
The orc warrior appears confused.
You see here an adder corpse.
Casting: Mephitic Cloud
Confirm with . or Enter, or press ? or * to list all spells.
Aiming: Mephitic Cloud
Press: ? - help, Shift-Dir - straight line, f - orc warrior
Aim: an orc warrior, wielding a mace of protection and wearing a plate armour The ball explodes into a vile cloud!
The stinking cloud engulfs the orc warrior.
The orc warrior is engulfed in noxious fumes.
Okay, then.
You feel very mighty all of a sudden. The orc warrior barely misses you.
You hit the orc warrior but do no damage.
You drain the orc warrior!
You bite the orc warrior, but do no damage.
The orc warrior is lightly wounded.
The orc warrior completely misses you.
You whack the orc warrior!
The orc warrior is moderately wounded.
You hit the orc warrior but do no damage.
You drain the orc warrior! Your bite misses the orc warrior.
The orc warrior is heavily wounded.
The orc warrior hits you with a mace of protection!
You completely miss the orc warrior.
The orc warrior is heavily wounded.
The orc warrior closely misses you.
You barely miss the orc warrior.
The orc warrior is heavily wounded.
The orc warrior closely misses you.
You closely miss the orc warrior. You bite the orc warrior!
The orc warrior is severely wounded.
You hit the orc warrior. You drain the orc warrior!
You kill the orc warrior!
Cheibriados thoroughly appreciates the change of pace.
Things that are here:
a mace of protection; a plate armour; a scroll labeled ASUCI CETOSS
D - a mace of protection;
G - a scroll labeled ASUCI CETOSS Wield which item (- for none, * to show all)? (? for menu, Esc to quit)
Your +2 mace of protection hums with potential!
D - a +2 mace of protection (weapon)
You see here an adder corpse.
You feel a little less mighty now.
You see here a potion of agility.
A - 2 potions of agility (gained 1)
A sky beast comes into view.
A sky beast is nearby!
Unknown command.
Found a scroll of amnesia.
Casting: Mephitic Cloud
Confirm with . or Enter, or press ? or * to list all spells.
Aiming: Mephitic Cloud
Press: ? - help, Shift-Dir - straight line, f - sky beast
Aim: a sky beast The ball explodes into a vile cloud!
The stinking cloud engulfs the sky beast.
The sky beast is engulfed in noxious fumes.
The sky beast appears confused.
Casting: Mephitic Cloud
Confirm with . or Enter, or press ? or * to list all spells.
Aiming: Magic Dart
Press: ? - help, Shift-Dir - straight line, f/p - sky beast
Aim: a sky beast (noxious fumes, lightly wounded, confused)
The magic dart hits the sky beast.
The sky beast is moderately wounded.
The sky beast is engulfed in noxious fumes.
You hit the sky beast.
Your weapon exudes an aura of protection.
The sky beast is moderately wounded.
The sky beast is engulfed in noxious fumes.
You catch the helpless sky beast completely off-guard!
You thump the sky beast!
The sky beast is almost dead.
The sky beast is engulfed in noxious fumes.
The sky beast appears confused.
The sky beast hits itself.
You strike the helpless sky beast from behind!
You thump the sky beast!
You kill the sky beast!
Cheibriados appreciates the change of pace.
You have reached level 10!
You see here a scroll of amnesia.
u - 2 scrolls of amnesia (gained 1) Magic restored.
Found an escape hatch in the ceiling.
Found a stone staircase leading down.
There is an escape hatch in the ceiling here.
Found an iridescent hunting sling.
You see here an iridescent hunting sling.
I - an iridescent hunting sling Wield which item (- for none, * to show all)? (? for menu, Esc to quit)
Your +2 mace of protection goes still.
You feel stronger.
The cursed +1 hunting sling of Amortisation {flame, Str+4} bursts into flame!
It sticks to your hand!
I - the cursed +1 hunting sling of Amortisation (weapon)
{flame, Str+4}
Okay, then.
Are you sure you want to abandon this character and quit the game? (Confirm with "yes".)

## .. ∆ .#
######+#.#
#........#
#####........######
...................
..........@.#
#.........#
#.........#
#.##.##.#.#
#.##.#.# #..#.#.#
##.#.#.# #.#.#.#
#...#


There were no monsters in sight!

Vanquished Creatures
  The ghost of tidbits the Bolt Thrower, an amateur GnWn of Cheibriados (D:5)
  A hippogriff (D:11)
  A wraith (D:9)
  A hungry ghost (D:11)
  2 hell hounds (D:8)
  Duvessa (D:4)
  An orc warrior (D:11)
  A sky beast (D:11)
  A necrophage (D:9)
  An ice beast (D:9)
  4 ogres
  2 centaurs
  An elf skeleton (D:9)
  Dowan (D:4)
  3 killer bees (D:7)
  3 wights
  2 howler monkeys
  2 bullfrog zombies
  2 crimson imps
  3 human zombies (D:9)
  A hound (D:9)
  4 orc priests
  2 human skeletons (D:9)
  7 orc wizards
  2 worker ants (D:9)
  2 hound skeletons
  A mummy (D:9)
  A howler monkey skeleton (D:4)
  A gnoll (D:1)
  7 adders
  An ooze (D:3)
  A dart slug (D:2)
  2 leopard geckos
  16 orcs
  2 ball pythons
  2 giant cockroaches
  11 hobgoblins
  4 jackals (D:2)
  4 kobolds
  2 quokkas
  5 bats
  5 frilled lizards
  9 goblins
  7 rats
133 creatures vanquished.

Vanquished Creatures (collateral kills)
  A hungry ghost (D:9)
  2 hounds
  A human zombie (D:9)
  A worker ant (D:3)
  A howler monkey zombie (D:6)
  4 gnolls (D:3)
  4 worms
  5 orcs
19 creatures vanquished.

Grand Total: 152 creatures vanquished

Notes
Turn   | Place    | Note
-------+----------+-------------------------------------------
     0 | D:1      | tidbits the Gnoll Wizard began the quest for the Orb.
     0 | D:1      | Reached XP level 1. HP: 13/13 MP: 8/8
    96 | D:1      | Reached XP level 2. HP: 20/20 MP: 3/10
   234 | D:1      | Learned a level 2 spell: Blink
   237 | D:1      | Learned a level 2 spell: Call Imp
   246 | D:2      | Noticed a wight
   248 | D:2      | Noticed a wight
   249 | D:2      | Noticed a wight
   323 | D:3      | Reached XP level 3. HP: 25/25 MP: 8/11
   374 | D:2      | Found a faded altar of an unknown god.
   387 | D:2      | Became a worshipper of Cheibriados the Contemplative
   387 | D:2      | Reached * piety under Cheibriados
   454 | D:2      | Reached skill level 1 in Fighting
   454 | D:2      | Reached skill level 1 in Short Blades
   454 | D:2      | Reached skill level 1 in Long Blades
   454 | D:2      | Reached skill level 1 in Axes
   454 | D:2      | Reached skill level 1 in Maces & Flails
   454 | D:2      | Reached skill level 1 in Polearms
   454 | D:2      | Reached skill level 1 in Staves
   454 | D:2      | Reached skill level 1 in Slings
   454 | D:2      | Reached skill level 1 in Bows
   454 | D:2      | Reached skill level 1 in Crossbows
   454 | D:2      | Reached skill level 1 in Throwing
   454 | D:2      | Reached skill level 1 in Armour
   454 | D:2      | Reached skill level 1 in Shields
   454 | D:2      | Reached skill level 1 in Unarmed Combat
   454 | D:2      | Reached skill level 1 in Hexes
   454 | D:2      | Reached skill level 1 in Charms
   454 | D:2      | Reached skill level 1 in Necromancy
   454 | D:2      | Reached skill level 1 in Transmutations
   454 | D:2      | Reached skill level 1 in Fire Magic
   454 | D:2      | Reached skill level 1 in Ice Magic
   454 | D:2      | Reached skill level 1 in Air Magic
   454 | D:2      | Reached skill level 1 in Earth Magic
   454 | D:2      | Reached skill level 1 in Poison Magic
   454 | D:2      | Reached skill level 1 in Invocations
   454 | D:2      | Reached skill level 1 in Evocations
   552 | D:2      | Reached XP level 4. HP: 26/32 MP: 4/13
   559 | D:2      | Learned a level 3 spell: Mephitic Cloud
   580 | D:2      | Found a shattered altar of Ashenzari.
   609 | D:2      | Noticed an ogre
   627 | D:2      | Killed an ogre
   627 | D:2      | Reached skill level 3 in Conjurations
   627 | D:2      | Reached skill level 3 in Summonings
   627 | D:2      | Reached skill level 3 in Translocations
   627 | D:2      | Reached XP level 5. HP: 30/37 MP: 0/14
   671 | D:2      | Found a burning altar of Makhleb.
   673 | D:2      | Found a glowing silver altar of Zin.
   674 | D:2      | Noticed an angel
   675 | D:2      | Noticed an Executioner
   679 | D:2      | Reached ** piety under Cheibriados
   797 | D:3      | Reached XP level 6. HP: 40/44 MP: 6/16
   807 | D:3      | Learned a level 3 spell: Conjure Flame
   932 | D:3      | Found a snail-covered altar of Cheibriados.
  1110 | D:4      | Found a hazy altar of Hepliaklqana.
  1149 | D:4      | Noticed Duvessa
  1156 | D:4      | Noticed Dowan
  1162 | D:4      | Reached skill level 2 in Fighting
  1162 | D:4      | Reached skill level 2 in Short Blades
  1162 | D:4      | Reached skill level 2 in Long Blades
  1162 | D:4      | Reached skill level 2 in Axes
  1162 | D:4      | Reached skill level 2 in Maces & Flails
  1162 | D:4      | Reached skill level 2 in Polearms
  1162 | D:4      | Reached skill level 2 in Staves
  1162 | D:4      | Reached skill level 2 in Slings
  1162 | D:4      | Reached skill level 2 in Bows
  1162 | D:4      | Reached skill level 2 in Crossbows
  1162 | D:4      | Reached skill level 2 in Throwing
  1162 | D:4      | Reached skill level 2 in Armour
  1162 | D:4      | Reached skill level 5 in Dodging
  1162 | D:4      | Reached skill level 2 in Shields
  1162 | D:4      | Reached skill level 2 in Unarmed Combat
  1162 | D:4      | Reached skill level 2 in Hexes
  1162 | D:4      | Reached skill level 2 in Charms
  1162 | D:4      | Reached skill level 2 in Necromancy
  1162 | D:4      | Reached skill level 2 in Transmutations
  1162 | D:4      | Reached skill level 2 in Fire Magic
  1162 | D:4      | Reached skill level 2 in Ice Magic
  1162 | D:4      | Reached skill level 2 in Air Magic
  1162 | D:4      | Reached skill level 2 in Earth Magic
  1162 | D:4      | Reached skill level 2 in Poison Magic
  1162 | D:4      | Reached skill level 2 in Invocations
  1162 | D:4      | Reached skill level 2 in Evocations
  1175 | D:4      | Killed Duvessa
  1175 | D:4      | Reached *** piety under Cheibriados
  1185 | D:4      | Killed Dowan
  1185 | D:4      | Reached XP level 7. HP: 38/50 MP: 1/18
  1310 | D:5      | Entered Level 5 of the Dungeon
  1337 | D:5      | Noticed tidbits's ghost (amateur GnWn)
  1350 | D:5      | Killed tidbits's ghost
  1396 | D:4      | Reached skill level 5 in Stealth
  1589 | D:6      | Reached XP level 8. HP: 15/57 MP: 2/19
  1621 | D:5      | Noticed Grinder
  1662 | D:7      | Reached skill level 4 in Conjurations
  1662 | D:7      | Reached skill level 4 in Summonings
  1662 | D:7      | Reached skill level 4 in Translocations
  1665 | D:7      | Reached skill level 3 in Fighting
  1665 | D:7      | Reached skill level 3 in Short Blades
  1665 | D:7      | Reached skill level 3 in Long Blades
  1665 | D:7      | Reached skill level 3 in Axes
  1665 | D:7      | Reached skill level 3 in Maces & Flails
  1665 | D:7      | Reached skill level 3 in Polearms
  1665 | D:7      | Reached skill level 3 in Staves
  1665 | D:7      | Reached skill level 3 in Slings
  1665 | D:7      | Reached skill level 3 in Bows
  1665 | D:7      | Reached skill level 3 in Crossbows
  1665 | D:7      | Reached skill level 3 in Throwing
  1665 | D:7      | Reached skill level 3 in Armour
  1665 | D:7      | Reached skill level 3 in Shields
  1665 | D:7      | Reached skill level 3 in Unarmed Combat
  1665 | D:7      | Reached skill level 3 in Hexes
  1665 | D:7      | Reached skill level 3 in Charms
  1665 | D:7      | Reached skill level 3 in Necromancy
  1665 | D:7      | Reached skill level 3 in Transmutations
  1665 | D:7      | Reached skill level 3 in Fire Magic
  1665 | D:7      | Reached skill level 3 in Ice Magic
  1665 | D:7      | Reached skill level 3 in Air Magic
  1665 | D:7      | Reached skill level 3 in Earth Magic
  1665 | D:7      | Reached skill level 3 in Poison Magic
  1665 | D:7      | Reached skill level 3 in Invocations
  1665 | D:7      | Reached skill level 3 in Evocations
  1688 | D:7      | Reached **** piety under Cheibriados
  1856 | D:8      | Reached skill level 8 in Spellcasting
  1858 | D:8      | Found a staircase to the Lair.
  2096 | D:9      | Noticed a two-headed ogre
  2143 | D:9      | Reached skill level 6 in Dodging
  2143 | D:9      | Reached XP level 9. HP: 49/65 MP: 1/21
  2240 | D:9      | Found a basalt altar of Yredelemnul.
  2261 | D:9      | Reached skill level 4 in Fighting
  2261 | D:9      | Reached skill level 4 in Short Blades
  2261 | D:9      | Reached skill level 4 in Long Blades
  2261 | D:9      | Reached skill level 4 in Axes
  2261 | D:9      | Reached skill level 4 in Maces & Flails
  2261 | D:9      | Reached skill level 4 in Polearms
  2261 | D:9      | Reached skill level 4 in Staves
  2261 | D:9      | Reached skill level 4 in Slings
  2261 | D:9      | Reached skill level 4 in Bows
  2261 | D:9      | Reached skill level 4 in Crossbows
  2261 | D:9      | Reached skill level 4 in Throwing
  2261 | D:9      | Reached skill level 4 in Armour
  2261 | D:9      | Reached skill level 4 in Shields
  2261 | D:9      | Reached skill level 4 in Unarmed Combat
  2261 | D:9      | Reached skill level 4 in Hexes
  2261 | D:9      | Reached skill level 4 in Charms
  2261 | D:9      | Reached skill level 4 in Necromancy
  2261 | D:9      | Reached skill level 4 in Transmutations
  2261 | D:9      | Reached skill level 4 in Fire Magic
  2261 | D:9      | Reached skill level 4 in Ice Magic
  2261 | D:9      | Reached skill level 4 in Air Magic
  2261 | D:9      | Reached skill level 4 in Earth Magic
  2261 | D:9      | Reached skill level 4 in Poison Magic
  2261 | D:9      | Reached skill level 4 in Invocations
  2261 | D:9      | Reached skill level 4 in Evocations
  2312 | D:9      | Reached skill level 6 in Stealth
  2353 | D:9      | Reached skill level 5 in Conjurations
  2353 | D:9      | Reached skill level 5 in Summonings
  2353 | D:9      | Reached skill level 5 in Translocations
  2358 | D:10     | Entered Level 10 of the Dungeon
  2373 | D:10     | Reached ***** piety under Cheibriados
  2680 | D:11     | Reached XP level 10. HP: 73/73 MP: 10/22
  2758 | D:11     | Got an iridescent hunting sling
  2761 | D:11     | Identified the cursed +1 hunting sling of Amortisation {flame, Str+4} (You found it on level 11 of the Dungeon)
  2762 | D:11     | Quit the game

Vault maps used:
D:1:      dpeg_arrival_simpleton_c, minmay_misc_feat_columns
D:2:      grunt_temple_overflow_order_and_chaos_2, ashenzari_altar_1,
          elyvilon_altar_4, chequers_ecumenical_altar_island
D:3:      lemuel_coloured_pillars_altar, first_bread
D:4:      cheibrodos_greedy_goblins, lemuel_crystal_altar, minmay_lizard_king,
          uniq_duvessa
D:5:      lemuel_crystal_altar, uniq_grinder
D:6:      grunt_gozag_statues, uniq_menkaure, uniq_blork_the_orc, uniq_edmund
D:7:      lemuel_doored_altar, lemuel_round_altar,
          minmay_temple_entry_glassed_door
D:8:      kennysheep_mini_moat, minmay_lair_entry_lava, hangedman_ranch,
          chequers_guarded_unrand_ignorance, uniq_psyche
D:9:      lemuel_mausoleum_altar_yredelemnul
D:10:     solitary_fountain
D:11:     hiddenorc2_lemuel, kennysheep_small_square

Skill      XL: |  1  2  3  4  5  6  7  8  9 |
---------------+----------------------------+-----
Fighting       | 1 2 3 4 |  4.7
Short Blades   | 1 2 3 4 |  4.7
Long Blades    | 1 2 3 4 |  4.7
Axes           | 1 2 3 4 |  4.7
Maces & Flails | 1 2 3 4 |  4.7
Polearms       | 1 2 3 4 |  4.7
Staves         | 1 2 3 4 |  4.7
Slings         | 1 2 3 4 |  4.7
Bows           | 1 2 3 4 |  4.7
Crossbows      | 1 2 3 4 |  4.7
Throwing       | 1 2 3 4 |  4.7
Armour         | 1 2 3 4 |  4.7
Shields        | 1 2 3 4 |  4.7
Unarmed Combat | 1 2 3 4 |  4.7
Hexes          | 1 2 3 4 |  4.7
Charms         | 1 2 3 4 |  4.7
Necromancy     | 1 2 3 4 |  4.7
Transmutations | 1 2 3 4 |  4.7
Fire Magic     | 1 2 3 4 |  4.7
Ice Magic      | 1 2 3 4 |  4.7
Air Magic      | 1 2 3 4 |  4.7
Earth Magic    | 1 2 3 4 |  4.7
Poison Magic   | 1 2 3 4 |  4.7
Invocations    | 1 2 3 4 |  4.7
Evocations     | 1 2 3 4 |  4.7
Conjurations   | 3 4 5 |  5.4
Summonings     | 3 4 5 |  5.4
Translocations | 3 4 5 |  5.4
Dodging        | 5 6 |  6.6
Stealth        | 5 6 |  6.3
Spellcasting   | 8 |  8.6

Action                   |  1- 3 |  4- 6 |  7- 9 | 10-12 || total
-------------------------+-------+-------+-------+-------++-------
Melee: Whip              |     9 |    40 |   193 |       ||   242
       Bite              |       |     9 |    55 |       ||    64
       Staff             |       |    25 |     4 |       ||    29
       Punch             |       |     1 |     4 |       ||     5
       Quarterstaff      |       |       |    46 |       ||    46
       Mace              |       |       |     3 |       ||     3
 Cast: Magic Dart        |    48 |    75 |   112 |       ||   235
       Call Imp          |     5 |     7 |    18 |       ||    30
       Mephitic Cloud    |       |     4 |    24 |       ||    28
       Conjure Flame     |       |       |     7 |       ||     7
       Blink             |       |       |     3 |       ||     3
Invok: Bend Time         |       |     1 |     3 |       ||     4
Evoke: Wand              |       |       |    23 |       ||    23
  Use: Potion            |       |     4 |     2 |       ||     6
       Scroll            |       |     4 |    10 |       ||    14
 Stab: Sleeping          |     1 |     1 |     9 |       ||    11
       Distracted        |       |       |     5 |       ||     5
       Confused          |       |       |     6 |       ||     6
       Paralysed         |       |       |    30 |       ||    30
  Eat: Chunk             |       |       |     6 |       ||     6
Armor: Robe              |     3 |     7 |       |       ||    10
       Ring mail         |       |     4 |    62 |       ||    66
Dodge: Dodged            |    15 |    67 |   194 |       ||   276

Table legend:
 A = Spawn XP
 B = Non-spawn XP
 C = Spawn XP percentage of total XP
 D = Spawn monster count
 E = Non-spawn monster count
 F = Spawn count percentage of total count
 G = Total turns spent on level
                    A         B        C        D         E        F      G
               +---------+---------+-------+---------+---------+-------+---------
         Total |       0 |    4687 |   0.0 |       0 |     152 |   0.0 |  2762
               +---------+---------+-------+---------+---------+-------+---------
           D:1 |       0 |      26 |   0.0 |       0 |       9 |   0.0 |   257
           D:2 |       0 |     259 |   0.0 |       0 |      25 |   0.0 |   445
           D:3 |       0 |     131 |   0.0 |       0 |      27 |   0.0 |   396
           D:4 |       0 |     286 |   0.0 |       0 |      22 |   0.0 |   237
           D:5 |       0 |     304 |   0.0 |       0 |       2 |   0.0 |   130
           D:6 |       0 |     319 |   0.0 |       0 |      13 |   0.0 |   286
           D:7 |       0 |     173 |   0.0 |       0 |       4 |   0.0 |    70
           D:8 |       0 |     596 |   0.0 |       0 |       9 |   0.0 |   156
           D:9 |       0 |    1758 |   0.0 |       0 |      31 |   0.0 |   529
          D:10 |       0 |      78 |   0.0 |       0 |       3 |   0.0 |    41
          D:11 |       0 |     757 |   0.0 |       0 |       7 |   0.0 |   215
               +---------+---------+-------+---------+---------+-------+---------

Table legend:
 A = Turns spent in this place as a percentage of turns spent in the entire game.
 B = Non-inter-level travel turns spent in this place as a percentage of non-inter-level travel turns spent in the entire game.
 C = Inter-level travel turns spent in this place as a percentage of turns spent in this place.
 D = Turns resting spent in this place as a percentage of non-inter-level travel turns spent in this place.
 E = Turns spent auto-exploring this place as a percentage of non-inter-level travel turns spent in this place.
 F = Non-inter-level travel turns spent in this place divided by the number of levels of this place that you've seen.
                   A       B       C       D       E      F
               +-------+-------+-------+-------+-------+----------------------
         Total | 100.0 | 100.0 |   1.3 |   0.0 |   0.0 | 247.8
       Dungeon | 100.0 | 100.0 |   1.3 |   0.0 |   0.0 | 247.8
               +-------+-------+-------+-------+-------+----------------------

Table legend:
 A = Kills in this place as a percentage of kills in entire the game.
 B = Kills by you in this place as a percentage of kills by you in the entire game.
 C = Kills by friends in this place as a percentage of kills by friends in the entire game.
 D = Other kills in this place as a percentage of other kills in the entire game.
 E = Experience gained in this place as a percentage of experience gained in the entire game.
 F = Experience gained in this place divided by the number of levels of this place that you have seen.
                   A       B       C       D       E      F
               +-------+-------+-------+-------+-------+----------------------
         Total | 100.0 | 100.0 | 100.0 | 100.0 | 100.0 | 426.1
       Dungeon | 100.0 | 100.0 | 100.0 | 100.0 | 100.0 | 426.1
               +-------+-------+-------+-------+-------+----------------------

Vault maps used:
D:1:      dpeg_arrival_simpleton_c, minmay_misc_feat_columns
D:2:      grunt_temple_overflow_order_and_chaos_2, ashenzari_altar_1,
          elyvilon_altar_4, chequers_ecumenical_altar_island
D:3:      lemuel_coloured_pillars_altar, first_bread
D:4:      cheibrodos_greedy_goblins, lemuel_crystal_altar, minmay_lizard_king,
          uniq_duvessa
D:5:      lemuel_crystal_altar, uniq_grinder
D:6:      grunt_gozag_statues, uniq_menkaure, uniq_blork_the_orc, uniq_edmund
D:7:      lemuel_doored_altar, lemuel_round_altar,
          minmay_temple_entry_glassed_door
D:8:      kennysheep_mini_moat, minmay_lair_entry_lava, hangedman_ranch,
          chequers_guarded_unrand_ignorance, uniq_psyche
D:9:      lemuel_mausoleum_altar_yredelemnul
D:10:     solitary_fountain
D:11:     hiddenorc2_lemuel, kennysheep_small_square
